NWL
SALEM-KEIZER VOLCANOES @ BOISE HAWKS
07/24/2099
 
TOP OF THE 1ST
Salem-Keizer Volcanoes batting - Pitching for Boise Hawks : RHP Omar Esparza
Pitching: RHP Omar Esparza
Batting: RHB Greg Hadley 0-0: Ball
1-0: Ball
2-0: Ball
3-0: Called Strike
3-1: Base on Balls
Batting: RHB Kevin Hamby 0-0: Ball
Greg Hadley steals 2nd base
1-0: Ground out 6-3 (Groundball, 6, EV 85.6 MPH)
Greg Hadley to third
Batting: RHB Alejandro Reyes 0-0: Ball
1-0: Called Strike
1-1: Foul Ball, location: 5F
1-2: Foul Ball, location: 3SF
1-2: Ball
2-2: Foul Ball, location: 9LDF
2-2: Ball
3-2: Strikes out swinging
Batting: LHB Aaron Roeske 0-0: Foul Ball, location: 2RF
0-1: Ball
1-1: Ball
2-1: Foul Ball, location: 3F
2-2: Foul Ball, location: 3SF
2-2: Strikes out swinging
Top of the 1st over - 0 runs, 0 hits, 0 errors, 1 left on base; Salem-Keizer 0 - Boise 0
BOTTOM OF THE 1ST
Boise Hawks batting - Pitching for Salem-Keizer Volcanoes : RHP Alex Cuenca
Pitching: RHP Alex Cuenca
Batting: RHB Jaime Lopez 0-0: Fly out, F9 (Flyball, 9, EV 93.8 MPH)
Batting: RHB Matt Grindy 0-0: Ball
1-0: Called Strike
1-1: Called Strike
1-2: Ball
2-2: Strikes out swinging
Batting: RHB Jose Reyes 0-0: Ball
1-0: Foul Ball, location: 5FF
1-1: Called Strike
1-2: Strikes out swinging
Bottom of the 1st over - 0 runs, 0 hits, 0 errors, 0 left on base; Salem-Keizer 0 - Boise 0
TOP OF THE 2ND
Salem-Keizer Volcanoes batting - Pitching for Boise Hawks : RHP Omar Esparza
Batting: RHB Leonardo Olivera 0-0: Ball
1-0: Ball
2-0: Foul Ball, location: 2F
2-1: Ball
3-1: SINGLE (Groundball, 6MD, EV 96.9 MPH)
Batting: LHB Dave Carver 0-0: Foul Ball, location: 23F
0-1: Ball
1-1: Foul Ball, location: 23F
1-2: Ball
2-2: Strikes out swinging
Batting: RHB Taylor Rodriguez 0-0: Ball
1-0: Foul Ball, location: 7LMF
1-1: Ball
2-1: Foul Ball, location: 2F
2-2: Fly out, F9 (Line Drive, 9, EV 87.5 MPH)
Batting: LHB Enrique Lucero 0-0: Ball
1-0: Ball
2-0: 2-RUN HOME RUN (Flyball, 9LD, EV 98.1 MPH), Distance : 351 ft
Batting: SHB Hunter Rodriguez 0-0: Foul Ball, location: 9LMF
0-1: Called Strike
0-2: Ball
1-2: Ball
2-2: Ground out 4-3 (Groundball, 4, EV 95.6 MPH)
Top of the 2nd over - 2 runs, 2 hits, 0 errors, 0 left on base; Salem-Keizer 2 - Boise 0
BOTTOM OF THE 2ND
Boise Hawks batting - Pitching for Salem-Keizer Volcanoes : RHP Alex Cuenca
Batting: LHB Marco Diaz 0-0: Ball
1-0: Swinging Strike
1-1: Foul Ball, location: 25F
1-2: Strikes out looking
Batting: RHB John McCall 0-0: Called Strike
0-1: Ball
1-1: Swinging Strike
1-2: Fly out, F8 (Flyball, 8RXD, EV 109.4 MPH)
Batting: RHB Alejandro Mira 0-0: Called Strike
0-1: Ball
1-1: Called Strike
1-2: Foul Ball, location: 2F
1-2: SINGLE (Line Drive, 8RS, EV 98.1 MPH)
Batting: RHB Chad Nito 0-0: Fielders Choice at 2nd, 6-4 (Groundball, 6, EV 88.1 MPH)
Bottom of the 2nd over - 0 runs, 1 hit, 0 errors, 1 left on base; Salem-Keizer 2 - Boise 0
TOP OF THE 3RD
Salem-Keizer Volcanoes batting - Pitching for Boise Hawks : RHP Omar Esparza
Batting: RHB Greg Hadley 0-0: Ball
1-0: Ball
2-0: SINGLE (Line Drive, 7S, EV 85.6 MPH)
Batting: RHB Kevin Hamby 0-0: Called Strike
0-1: SINGLE (Line Drive, 34D, EV 100.0 MPH)
Greg Hadley to second
Batting: RHB Alejandro Reyes 0-0: Called Strike
0-1: Foul Ball, location: 3F
0-2: Foul Ball, location: 2F
0-2: Foul Ball, location: 2F
0-2: Ball
1-2: Ball
2-2: Ball
3-2: Foul Ball, location: 2F
3-2: Foul Ball, location: 2F
3-2: Grounds into double play, 4-6-3 (Groundball, 34, EV 108.1 MPH)
Greg Hadley to third
Batting: LHB Aaron Roeske 0-0: Foul Ball, location: 2F
0-1: Swinging Strike
0-2: Ball
1-2: Ball
2-2: Ball
3-2: Foul Ball, location: 7LMF
3-2: Fly out, F5 (Popup, 5SF, EV 77.5 MPH)
Top of the 3rd over - 0 runs, 2 hits, 0 errors, 1 left on base; Salem-Keizer 2 - Boise 0
BOTTOM OF THE 3RD
Boise Hawks batting - Pitching for Salem-Keizer Volcanoes : RHP Alex Cuenca
Batting: RHB Brad Cooper 0-0: Foul Ball, location: 2F
0-1: Swinging Strike
0-2: Foul Ball, location: 25FF
0-2: Ball
1-2: Ball
2-2: Fly out, F7 (Flyball, 7, EV 87.5 MPH)
Batting: RHB Andy McNeily 0-0: Foul Ball, location: 9LSF
0-1: Swinging Strike
0-2: Ball
1-2: Strikes out looking
Batting: RHB Jaime Lopez 0-0: Called Strike
0-1: Fly out, F9 (Line Drive, 89D, EV 91.9 MPH)
Bottom of the 3rd over - 0 runs, 0 hits, 0 errors, 0 left on base; Salem-Keizer 2 - Boise 0
TOP OF THE 4TH
Salem-Keizer Volcanoes batting - Pitching for Boise Hawks : RHP Omar Esparza
Batting: RHB Leonardo Olivera 0-0: Called Strike
0-1: Ground out 5-3 (Groundball, 56S, EV 82.5 MPH)
Batting: LHB Dave Carver 0-0: Called Strike
0-1: Ball
1-1: Swinging Strike
1-2: Ball
2-2: Strikes out swinging
Batting: RHB Taylor Rodriguez 0-0: Ball
1-0: Fly out, F8 (Line Drive, 8LM, EV 95.6 MPH)
Top of the 4th over - 0 runs, 0 hits, 0 errors, 0 left on base; Salem-Keizer 2 - Boise 0
BOTTOM OF THE 4TH
Boise Hawks batting - Pitching for Salem-Keizer Volcanoes : RHP Alex Cuenca
Batting: RHB Matt Grindy 0-0: Ball
1-0: Swinging Strike
1-1: Foul Ball, location: 2F
1-2: Foul Ball, location: 2F
1-2: Ball
2-2: Ball
3-2: Base on Balls
Batting: RHB Jose Reyes 0-0: DOUBLE (Line Drive, 9LM, EV 105.0 MPH)
Matt Grindy to third
Batting: LHB Marco Diaz 0-0: Ball
1-0: Ball
2-0: Ground out U3 (Groundball, 3, EV 103.1 MPH)
Batting: RHB John McCall 0-0: Called Strike
0-1: Foul Ball, location: 5FF
0-2: Strikes out swinging
Batting: RHB Alejandro Mira 0-0: Called Strike
0-1: Ground out 5-3 (Groundball, 56, EV 98.8 MPH)
Bottom of the 4th over - 0 runs, 1 hit, 0 errors, 2 left on base; Salem-Keizer 2 - Boise 0
TOP OF THE 5TH
Salem-Keizer Volcanoes batting - Pitching for Boise Hawks : RHP Omar Esparza
Batting: LHB Enrique Lucero 0-0: Ball
1-0: Ball
2-0: Ball
3-0: Base on Balls
Batting: SHB Hunter Rodriguez 0-0: Ball
1-0: Called Strike
1-1: SINGLE (Line Drive, 7S, EV 81.9 MPH)
Enrique Lucero to second
Batting: RHB Greg Hadley 0-0: Ball
1-0: Grounds into double play, 4-6-3 (Groundball, 4, EV 84.4 MPH)
Enrique Lucero to third
Pitching: RHP Rodolfo Peralta
Batting: RHB Kevin Hamby 0-0: Swinging Strike
0-1: Called Strike
0-2: Strikes out looking
Top of the 5th over - 0 runs, 1 hit, 0 errors, 1 left on base; Salem-Keizer 2 - Boise 0
BOTTOM OF THE 5TH
Boise Hawks batting - Pitching for Salem-Keizer Volcanoes : RHP Alex Cuenca
Batting: RHB Chad Nito 0-0: Called Strike
0-1: SINGLE (Groundball, 5D, EV 104.4 MPH)
Batting: RHB Brad Cooper 0-0: Ball
1-0: Called Strike
1-1: Bunted foul
1-2: Fielders Choice at 2nd, 5-4 (Groundball, 5S, EV 91.9 MPH)
Batting: RHB Andy McNeily 0-0: Swinging Strike
0-1: Ball
1-1: Called Strike
Brad Cooper steals 2nd base
1-2: Fly out, F8 (Flyball, 8LD, EV 87.5 MPH)
Batting: RHB Jaime Lopez 0-0: Foul Ball, location: 25FF
0-1: Ball
1-1: Ball
2-1: Ball
3-1: Fly out, F8 (Flyball, 8LD, EV 91.9 MPH)
Bottom of the 5th over - 0 runs, 1 hit, 0 errors, 1 left on base; Salem-Keizer 2 - Boise 0
TOP OF THE 6TH
Salem-Keizer Volcanoes batting - Pitching for Boise Hawks : RHP Rodolfo Peralta
Batting: RHB Alejandro Reyes 0-0: Ball
1-0: Foul Ball, location: 9LMF
1-1: Foul Ball, location: 23F
1-2: Strikes out swinging
Batting: LHB Aaron Roeske 0-0: Ball
1-0: Ground out 3-1 (Groundball, 34, EV 73.8 MPH)
Batting: RHB Leonardo Olivera 0-0: Called Strike
0-1: Foul Ball, location: 7LMF
0-2: Ball
1-2: Hit by Pitch
Batting: LHB Dave Carver 0-0: Foul Ball, location: 7LSF
0-1: Ground out 4-3 (Groundball, 4S, EV 70.0 MPH)
Top of the 6th over - 0 runs, 0 hits, 0 errors, 1 left on base; Salem-Keizer 2 - Boise 0
BOTTOM OF THE 6TH
Boise Hawks batting - Pitching for Salem-Keizer Volcanoes : RHP Alex Cuenca
Batting: RHB Matt Grindy 0-0: Ball
1-0: Called Strike
1-1: Ball
2-1: Foul Ball, location: 9LSF
2-2: Ball
3-2: Strikes out swinging
Batting: RHB Jose Reyes 0-0: Called Strike
0-1: Ground out 4-3 (Groundball, 4, EV 106.9 MPH)
Batting: LHB Marco Diaz 0-0: Foul Ball, location: 5F
0-1: Ball
1-1: Ground out 4-3 (Groundball, 34, EV 88.8 MPH)
Bottom of the 6th over - 0 runs, 0 hits, 0 errors, 0 left on base; Salem-Keizer 2 - Boise 0
TOP OF THE 7TH
Salem-Keizer Volcanoes batting - Pitching for Boise Hawks : RHP Rodolfo Peralta
Pitching: RHP Roberto Chavez
Batting: RHB Taylor Rodriguez 0-0: Ground out U3 (Groundball, 34, EV 102.5 MPH)
Batting: LHB Enrique Lucero 0-0: Foul Ball, location: 2F
0-1: Called Strike
0-2: Strikes out swinging
Batting: SHB Hunter Rodriguez 0-0: Foul Ball, location: 2F
0-1: Ball
1-1: Hit by Pitch
Batting: RHB Greg Hadley 0-0: Ball
1-0: Ball
2-0: Ball
3-0: Base on Balls
Hunter Rodriguez to second
Batting: RHB Kevin Hamby 0-0: Ball
1-0: Ball
2-0: Swinging Strike
2-1: SINGLE (Line Drive, 6, EV 69.4 MPH)
Hunter Rodriguez to third
Greg Hadley to second
Batting: RHB Alejandro Reyes 0-0: Ball
1-0: Swinging Strike
1-1: Ball
2-1: Called Strike
2-2: Ball
3-2: Base on Balls
Hunter Rodriguez scores
Greg Hadley to third
Kevin Hamby to second
Batting: LHB Aaron Roeske 0-0: Swinging Strike
0-1: Foul Ball, location: 3DF
0-2: Strikes out swinging
Top of the 7th over - 1 run, 1 hit, 0 errors, 3 left on base; Salem-Keizer 3 - Boise 0
BOTTOM OF THE 7TH
Boise Hawks batting - Pitching for Salem-Keizer Volcanoes : RHP Alex Cuenca
Batting: RHB John McCall 0-0: Ball
1-0: Ground out 5-3 (Groundball, 56, EV 105.6 MPH)
Pitching: RHP Danny Ryan
Batting: RHB Alejandro Mira 0-0: Foul Ball, location: 2F
0-1: Foul Ball, location: 2F
0-2: Ball
1-2: Ball
2-2: Ball
3-2: Ground out 5-3 (Groundball, 56S, EV 87.5 MPH)
Batting: RHB Chad Nito 0-0: Called Strike
0-1: Fly out, F8 (Flyball, 8LD, EV 93.8 MPH)
Bottom of the 7th over - 0 runs, 0 hits, 0 errors, 0 left on base; Salem-Keizer 3 - Boise 0
TOP OF THE 8TH
Salem-Keizer Volcanoes batting - Pitching for Boise Hawks : RHP Roberto Chavez
Pitching: RHP Tony Flores
Batting: RHB Leonardo Olivera 0-0: Ball
1-0: Ball
2-0: Ball
3-0: Base on Balls
Batting: LHB Dave Carver 0-0: Ball
1-0: Fly out, F7 (Line Drive, 7S, EV 93.1 MPH)
Batting: RHB Taylor Rodriguez 0-0: Ball
1-0: Foul Ball, location: 3FF
1-1: Ball
2-1: 2-RUN HOME RUN (Flyball, 9LD, EV 90.6 MPH), Distance : 340 ft
Batting: LHB Enrique Lucero 0-0: Swinging Strike
0-1: Foul Ball, location: 7LSF
0-2: Ball
1-2: Ball
2-2: SINGLE (Line Drive, 8RS, EV 93.1 MPH)
Batting: SHB Hunter Rodriguez 0-0: Foul Ball, location: 7LDF
0-1: Foul Ball, location: 2LF
0-2: Foul Ball, location: 7LDF
0-2: Ball
1-2: Foul Ball, location: 5F
1-2: Ball
2-2: Ball
3-2: Strikes out swinging
Batting: RHB Greg Hadley 0-0: DOUBLE (Line Drive, 89D, EV 98.8 MPH)
Enrique Lucero to third
Pinch Runner at 2nd Pat Curtis:
Batting: RHB Kevin Hamby 0-0: Ball
1-0: Called Strike
1-1: Foul Ball, location: 3FF
1-2: Ball
2-2: Ground out 4-3 (Groundball, 4, EV 102.5 MPH)
Top of the 8th over - 2 runs, 3 hits, 0 errors, 2 left on base; Salem-Keizer 5 - Boise 0
BOTTOM OF THE 8TH
Boise Hawks batting - Pitching for Salem-Keizer Volcanoes : RHP Danny Ryan
Now in CF: Glenn Rudloff
Now in RF: Taylor Rodriguez
Batting: RHB Brad Cooper 0-0: Ground out 6-3 (Groundball, 56, EV 83.1 MPH)
Pinch Hitting: RHB Gilberto Bonilla 0-0: Ball
1-0: Ball
2-0: Foul Ball, location: 2F
2-1: Foul Ball, location: 2F
2-2: Ball
3-2: Foul Ball, location: 2F
3-2: Strikes out swinging
Batting: RHB Jaime Lopez 0-0: Ball
1-0: Ball
2-0: Ball
3-0: Called Strike
3-1: Called Strike
3-2: Strikes out swinging
Bottom of the 8th over - 0 runs, 0 hits, 0 errors, 0 left on base; Salem-Keizer 5 - Boise 0
TOP OF THE 9TH
Salem-Keizer Volcanoes batting - Pitching for Boise Hawks : RHP Tony Flores
Now at 2B: Gilberto Bonilla
Now at 3B: John McCall
Now at SS: Brad Cooper
Batting: RHB Alejandro Reyes 0-0: Called Strike
0-1: Foul Ball, location: 25FF
0-2: Ball
1-2: Fly out, F5 (Line Drive, 5, EV 69.4 MPH)
Batting: LHB Aaron Roeske 0-0: Called Strike
0-1: Ball
1-1: Swinging Strike
1-2: Ball
2-2: Strikes out swinging
Batting: RHB Leonardo Olivera 0-0: Ball
1-0: Called Strike
1-1: Swinging Strike
1-2: Ball
2-2: Ball
3-2: Foul Ball, location: 2F
3-2: Base on Balls
Batting: LHB Dave Carver 0-0: Ball
1-0: Foul Ball, location: 2F
1-1: Ball
2-1: Ground out U3 (Groundball, 3, EV 95.6 MPH)
Top of the 9th over - 0 runs, 0 hits, 0 errors, 1 left on base; Salem-Keizer 5 - Boise 0
BOTTOM OF THE 9TH
Boise Hawks batting - Pitching for Salem-Keizer Volcanoes : RHP Danny Ryan
Batting: RHB Matt Grindy 0-0: Foul Ball, location: 2F
0-1: Foul Ball, location: 23FF
0-2: Ball
1-2: Fly out, F8 (Line Drive, 8RM, EV 89.4 MPH)
Batting: RHB Jose Reyes 0-0: Fly out, F6 (Flyball, 56D, EV 89.4 MPH)
Batting: LHB Marco Diaz 0-0: Called Strike
0-1: Ball
1-1: Ball
2-1: Swinging Strike
2-2: Strikes out looking
Bottom of the 9th over - 0 runs, 0 hits, 0 errors, 0 left on base; Salem-Keizer 5 - Boise 0
Sunday, May 12th , 2024 - OOTP Baseball 24.11 Build 85